 Seeded DCSS version 0.30-a0-879-ga8ba668304 (webtiles) character file.

Game seed: 20230313 (custom seed)

36 a11behringer the Chopper (level 3, 0/33 HPs)
             Began as a Hill Orc Cinder Acolyte on Mar 13, 2023.
             Was a High Priest of Ignis.
             Frozen to death by an endoplasm (4 damage)
             ... on level 2 of the Dungeon.
             The game lasted 00:03:40 (1080 turns).

a11behringer the Chopper (Hill Orc Cinder Acolyte)  Turns: 1080, Time: 00:03:40

Health: 0/33       AC:  6    Str: 16    XL:     3   Next: 37%
Magic:  1/4        EV: 11    Int: 16    God:    Ignis [*****.]
Gold:   62         SH:  0    Dex:  6    Spells: 2/4 levels left

rFire   + . .      SeeInvis .    a - -1 hand axe (flame)
rCold   . . .      Faith    .    (no shield)
rNeg    . . .      Spirit   .    e - +3 leather armour
rPois   .          Reflect  .    (no helmet)
rElec   .          Rampage  .    (no cloak)
rCorr   .                        (no gloves)
Will    .....                    (no boots)
Stlth   +                        (no amulet)
HPRegen 0.25/turn                (no ring)
MPRegen 0.09/turn                (no ring)

@: no status effects
A: no striking features
a: Renounce Religion, Fiery Armour, Foxfire Swarm, Rising Flame


You were on level 2 of the Dungeon.
You worshipped Ignis.
Ignis was extremely pleased with you.
You visited 1 branch of the dungeon, and saw 2 of its levels.

You collected 62 gold pieces.

Inventory:

Hand Weapons
 a - a -1 hand axe of flaming (weapon)
 g - a +0 war axe
Missiles
 l - a throwing net (quivered)
Armour
 b - a +0 robe
 e - a +3 leather armour (worn)
Scrolls
 c - a scroll of immolation {unknown}
 f - a scroll of poison {unknown}
 h - a scroll of magic mapping {unknown}
 i - 3 scrolls of teleportation {unknown}
 j - a scroll of vulnerability {unknown}
Potions
 d - a potion of cancellation {unknown}
 k - 2 potions of mutation {unknown}


   Skills:
 + Level 3.9 Fighting
 * Level 4.7 Axes
 * Level 0.6 Armour
 + Level 1.2 Spellcasting
 * Level 3.8 Fire Magic


You had 2 spell levels left.
You knew the following spells:

 Your Spells              Type           Power      Damage    Failure   Level
a - Scorch                Fire           26%        2d6       9%          2

Your spell library contained the following spells:

 Spells                   Type           Power      Damage    Failure   Level


Dungeon Overview and Level Annotations

Branches:
Dungeon (2/15)

Altars:

Shops:
D:1 [

Annotations:
D:2 Robin


Message History

Robin throws the goblin at you!
You slash the goblin! You burn the goblin.
You kill the goblin!
You hit the goblin. You burn the goblin.
You kill the goblin!
The rat twitches its whiskers.
Casting: Scorch (safe; 9% risk of failure)
Confirm with . or Enter, or press ? or * to list all spells.
You don't have enough magic to cast this spell.
You closely miss the goblin. The goblin closely misses you.
You barely miss the goblin. Your punch misses the goblin.
Robin throws the goblin at you! The goblin closely misses you.
The goblin misses you.
You completely miss the goblin. You hit the goblin. You burn the goblin.
You kill the goblin!
The goblin hits you with a +0 hand axe.
You closely miss the goblin. The goblin hits you with a +0 hand axe.
You barely miss the goblin.
The hobgoblin no longer looks unusually strong.
Robin roars a battlecry!
The hobgoblin goes into a battle-frenzy!
The goblin hits you with a +0 hand axe.
An endoplasm comes into view.
You hear a shout!
The endoplasm quivers.
You hit the goblin. You burn the goblin.
The goblin is severely wounded.
The rat twitches its whiskers.
The goblin hits you with a +0 hand axe.
* * * LOW HITPOINT WARNING * * *
The goblin attacks as you move away! The goblin hits you with a +0 hand axe.
* * * LOW HITPOINT WARNING * * *
The goblin no longer looks unusually strong.
Robin roars a battlecry!
The goblin goes into a battle-frenzy!
Items here: )))) ††.
The endoplasm hits you but does no damage.
Robin roars a battlecry!
The endoplasm freezes you.
You are frozen.
You die...

. # ...
...##########><...
.........)g)gr....
.......@g####g...)
##### ........J# ...
##...##........... .
##.....#########.###
#.......# #.#
#.......# #.#
#.......# #..
##.....## ##.
#.......#


You could see Robin, an endoplasm, a hobgoblin (strong), a goblin (strong) and a
rat.

Vanquished Creatures
  A worm (D:2)
  6 ball pythons
  A bat (D:1)
  3 endoplasms (D:1)
  2 hobgoblins (D:1)
  A kobold (D:1)
  A frilled lizard (D:1)
  12 goblins
  3 rats (D:1)
30 creatures vanquished.

Notes
Turn   | Place    | Note
-------+----------+-------------------------------------------
     0 | D:1      | a11behringer the Hill Orc Cinder Acolyte began the quest
                  | for the Orb.
     0 | D:1      | Reached XP level 1. HP: 19/19 MP: 2/2
    91 | D:1      | Reached XP level 2. HP: 27/27 MP: 3/3
    98 | D:1      | Found a faded altar of an unknown god.
   214 | D:1      | You fall into a shaft and drop 1 floor!
   250 | D:2      | Learned a level 2 spell: Scorch
   547 | D:1      | Found Fulif's Armour Emporium.
   776 | D:1      | Reached XP level 3. HP: 33/33 MP: 4/4
  1060 | D:2      | Noticed Robin
  1080 | D:2      | Frozen to death by an endoplasm

Illustrated notes

Levels and vault maps discovered:
D:1:      dpeg_arrival_arbitrary_a, layout_loops_ring,
          nicolae_ecumenical_snake_handling, serial_shops,
          nicolae_shop_waterfront, nicolae_figureground_sparkle
D:2:      layout_rooms, uniq_robin

Action                     || total
---------------------------++-------
  Melee: Hand axe          ||    65
   Cast: Scorch            ||     2
 Armour: Robe              ||     6
         Leather armour    ||     6
  Dodge: Dodged            ||    31

Table legend: (Time is in decaauts)
 A = Elapsed time spent in this place.
 B = Non-inter-level travel time spent in this place.
 C = Inter-level travel time spent in this place.
 D = Time resting spent in this place.
 E = Time spent auto-exploring this place.
 F = Levels seen in this place.
 G = Mean time per level.
                   A        B        C        D        E       F      G
               +--------+--------+--------+--------+--------+-----+--------+
         Total |   1084 |    865 |    219 |      0 |    703 |   2 |  542.0 |
       Dungeon |   1084 |    865 |    219 |      0 |    703 |   2 |  542.0 |
               +--------+--------+--------+--------+--------+-----+--------+

Top non-repeatable levels by time:
     D:1: 990 daAuts
     D:2: 94 daAuts
